 Dungeon Crawl Stone Soup version 0.18-a0-1303-g41c131c (webtiles) character file.

167 Ratboiler the Shooter (level 5, -2/32 HPs)
             Began as a Deep Elf Wanderer on Feb 12, 2016.
             Was an Initiate of Okawaru.
             Killed from afar by an orc wizard (8 damage)
             ... with a puff of flame
             ... on level 3 of the Dungeon.
             The game lasted 00:08:08 (3753 turns).

Ratboiler the Shooter (Deep Elf Wanderer)           Turns: 3753, Time: 00:08:08

Health: -2/32      AC:  7    Str: 11    XL:     5   Next: 23%
Magic:  7/7        EV:  8    Int: 16    God:    Okawaru [......]
Gold:   124        SH:  0    Dex: 14    Spells: 0 memorised, 4 levels left

rFire  . . .     SeeInvis .     b - +0 whip (elec)
rCold  . . .     Gourm    .     A - +0 scale mail
rNeg   . . .     Faith    .     (no shield)
rPois  .         Spirit   .     (no helmet)
rElec  .         Dismiss  .     (no cloak)
rCorr  .         Reflect  .     m - +0 pair of gloves (curse)
SustAt .         Harm     .     (no boots)
MR     .....                    (no amulet)
Stlth  +.........               (no ring)
                                (no ring)

@: not resistant to hostile enchantments, very unstealthy
A: no striking features
a: Renounce Religion


You were on level 3 of the Dungeon.
You worshipped Okawaru.
Okawaru was noncommittal.
You were not hungry.

You visited 1 branch of the dungeon, and saw 3 of its levels.

You collected 124 gold pieces.

Inventory:

Hand Weapons
 a - a +2 shortbow
 b - a +0 whip of electrocution (weapon)
 j - a +0 club
 y - a +0 dagger
 E - a +1 hunting sling of flaming
 I - a +0 long sword
 J - a +0 hand axe of electrocution
Missiles
 f - 18 arrows
 i - 124 stones (quivered)
 o - 4 tomahawks
 r - 9 exploding sling bullets
 G - 10 sling bullets
Armour
 e - a +0 robe
 m - a cursed +0 pair of gloves (worn)
 v - a +0 plate armour
 A - a +0 scale mail (worn)
Jewellery
 x - an uncursed ring of poison resistance {unknown}
 H - a cursed ring of teleportation {unknown}
Scrolls
 c - 3 scrolls of teleportation
 p - a scroll of remove curse {unknown}
 q - 4 scrolls of identify {unknown}
 w - 2 scrolls of enchant weapon {unknown}
 D - a scroll of enchant armour {unknown}
Potions
 d - 2 potions of curing
 h - a potion of magic {unknown}
 k - a potion of resistance {unknown}
 l - 2 potions of cure mutation {unknown}
 n - 2 potions of heal wounds {unknown}
 s - a potion of haste {unknown}
 t - 2 potions of degeneration {unknown}
 u - a potion of mutation {unknown}
 z - 2 potions of lignification {unknown}
 B - a potion of berserk rage {unknown}
Comestibles
 g - a bread ration
 C - a meat ration
 F - a chunk of flesh


   Skills:
 + Level 3.4 Fighting
 - Level 1.0 Short Blades
 * Level 0.1 Maces & Flails
 - Level 5.0 Bows
 - Level 1.2 Dodging
 - Level 3.6 Stealth


You had 4 spell levels left.
You didn't know any spells.

Dungeon Overview and Level Annotations

Branches:
Dungeon (3/15)

Altars:
Okawaru


Message History

The puff of frost hits you!
* * * LOW HITPOINT WARNING * * *
The orc wizard hits you with a dagger.
* * * LOW HITPOINT WARNING * * *
You miss the orc wizard.
The orc wizard is almost dead.
The orc wizard completely misses you.
The orc wizard casts a spell.
The orc wizard flickers and vanishes!
Deactivating autopickup; reactivate with Ctrl-A.
Drink which item? (? for menu, Esc to quit)
You feel better.
You hear some strange, mumbled words.
A puff of frost appears from out of thin air!
The puff of frost hits you!
* * * LOW HITPOINT WARNING * * *
You hear some strange, mumbled words.
A puff of flame appears from out of thin air!
The puff of flame hits you!
You die...

.#.#######..#†...##.###).≈≈.##.##
...o.o..†o..#....##.##)#.≈≈.#[.##
.#.#######.##..#.#.##)##.≈≈.#8...
................###..####≈≈#####.
.#..######.#.....##### #### ###.
... #......#.##### ###.#. .#.
#.######oo){.# #...#. ... #####.#
#.#.#. ### #@# #.#.#. #.###
#.#.#. #...# #.#.#.
###.#########.#.#.
#............... ###########.###.
#..... #####. ##


There were no monsters in sight!

Vanquished Creatures
  Jessica (D:2)
  7 adders
  2 giant geckos (D:1)
  2 orcs (D:3)
  4 giant cockroaches
  8 goblins
  8 hobgoblins
  7 jackals
  16 kobolds
  10 bats
  5 giant newts
  6 rats
76 creatures vanquished.

Notes
Turn   | Place    | Note
--------------------------------------------------------------
     0 | D:1      | Ratboiler the Deep Elf Wanderer began the quest for the Orb.
     0 | D:1      | Ratboiler set off with: a +2 shortbow, 27 arrows, a scroll of teleportation, a potion of curing, a +0 robe, a +0 dagger, a bread ration
     0 | D:1      | Reached XP level 1. HP: 13/13 MP: 3/3
   128 | D:1      | Reached XP level 2. HP: 18/18 MP: 4/4
   871 | D:1      | Reached XP level 3. HP: 15/22 MP: 5/5
  1042 | D:1      | Reached skill level 4 in Bows
  1195 | D:2      | Found an iron altar of Okawaru.
  1255 | D:2      | Noticed Jessica
  1264 | D:2      | Killed Jessica
  1371 | D:2      | Reached XP level 4. HP: 22/27 MP: 6/6
  1440 | D:2      | Found an iron altar of Okawaru.
  1446 | D:2      | Became a worshipper of Warmaster Okawaru
  1702 | D:2      | Reached skill level 5 in Bows
  3093 | D:3      | Reached XP level 5. HP: 28/32 MP: 7/7
  3753 | D:3      | Killed from afar by an orc wizard

Vault maps used:
D:1:      lightli_arrival_maybe_door_vault, serial_bayou_lagoon_b
D:2:      nicolae_overflow_hidden_temple, okawaru_trees_2, uniq_jessica
D:3:      wad_river_or_something, serial_glass, glass_columns_b,
          glass_columns_c, glass_columns_b, glass_columns_a, glass_columns_c,
          glass_columns_a

Action                   |  1- 3 |  4- 6 || total
-------------------------+-------+-------++-------
Melee: Dagger            |   122 |    36 ||   158
       Whip              |       |    92 ||    92
 Fire: Shortbow          |    26 |    20 ||    46
Throw: Stone             |       |     1 ||     1
  Use: Potion            |       |     1 ||     1
 Stab: Sleeping          |     6 |     3 ||     9
  Eat: Chunk             |     1 |     3 ||     4
       Meat ration       |     1 |       ||     1
